Frizzbo, neutral female gnomish Wizard --------------- --------- |.............| (......\| |.............| --------------- |........| |.............| |.............| ##-%%%.%...| |.............| |.............| # ---- ----- ----.-.-------- |..........%<.| # ### ##..............| # ## # --------.------ # #### ### # # ## # # # #### ### # # # # # # -------# -.--.----# ## |.....|# |.......-# ----|---- |.....|# |.*.....| |.......| #-......# |.......| |f)oh...| ###|.....| |.......| |.h.o...| # |.....| --------- |Gi....o-o##oG ------- ----.---- # Frizzbo the Thaumaturge Experience level: 6 Strength: 12 Dexterity: 15 Constitution: 15 Intelligence: 19 Wisdom: 14 Charisma: 8 Health: 0(47) Energy: 7(77) Def: 1 Gold: 1256 Moves: 5216 Dungeon seed: NG1D7iLdsgPbki2S Game ID: Frizzbo_1465936223 Your Inventory: Coins $ - 1256 gold pieces Amulets E - an uncursed amulet versus poison Weapons Q - an uncursed +0 elven dagger (weapon in hand) Armor e - an uncursed +0 cloak of magic resistance r - an uncursed +0 orcish helm (being worn) Y - an uncursed +0 studded leather armor Scrolls i - an uncursed scroll of teleportation j - 2 uncursed scrolls of enchant weapon k - 2 uncursed scrolls of taming B - an uncursed scroll of light D - an uncursed scroll of genocide F - an uncursed scroll of magic mapping I - a cursed scroll of enchant weapon J - a blessed scroll of light K - a cursed scroll of light Spellbooks l - a blessed spellbook of force bolt m - an uncursed spellbook of knock U - an uncursed spellbook of cone of cold Potions f - an uncursed potion of water h - an uncursed potion of monster detection A - a blessed potion of gain energy C - an uncursed potion of oil M - a blessed potion of monster detection P - 2 uncursed potions of confusion W - a potion of holy water Rings c - an uncursed ring of see invisible d - an uncursed ring of invisibility (on left hand) o - a cursed ring of levitation H - an uncursed ring of stealth Wands b - an uncursed wand of locking (0:5) v - an uncursed wand of teleportation (0:2) R - an uncursed wand of teleportation (0:7) X - an uncursed wand of create monster (0:13) Tools n - an uncursed magic marker (0:34) G - an uncursed lock pick Gems q - an uncursed opal y - 2 uncursed worthless pieces of blue glass z - 2 uncursed worthless pieces of green glass N - an uncursed worthless piece of black glass V - an uncursed chrysoberyl stone Spells and supernatural/magical abilities: Name Level Category Fail Memory a - force bolt 1 attack 0% 74% k - knock 1 matter 0% 74% l - light 1 divination 0% 88% o - cone of cold 4 attack 0% 97% v - clairvoyance 3 divination 81% 96% E - detect food 2 divination 54% 94% W - pray for help -- divine ? -- Your skills at the end: Fighting Skills Weapon Skills dagger [Basic] quarterstaff [Basic] Spellcasting Skills attack spells [Skilled] enchantment spells [Basic] Final Attributes: You were piously aligned. You saw invisible. You had infravision. You were invisible to others. You are dead. Vanquished creatures: a purple worm 2 leprechauns a horse a black light a brown pudding a dingo a dust vortex 3 bugbears a rock piercer a rock mole a fog cloud a shrieker a kobold mummy a golden naga hatchling 3 elf zombies a ghoul 2 homunculi 2 kobold lords a rothe 2 giant bats an iguana 2 acid blobs a coyote 3 gas spores a hobbit 4 hobgoblins 2 cave spiders 2 brown molds 2 yellow molds a green mold a red mold a gnome a gnome zombie 6 geckos 4 jackals 2 foxes a kobold 2 goblins 3 sewer rats 7 grid bugs 6 lichens 3 kobold zombies 6 newts 90 creatures vanquished. Voluntary challenges: You used a wielded weapon 97 times, starting on turn 3. You read items or engraved 37 times, starting on turn 253. You never genocided any monsters. You never polymorphed an object. You never changed form. You used no wishes. You never split a pudding. You wrote Elbereth's name 2 times, starting on turn 254. You violated your moral code, losing 1 point of alignment, starting on turn 4335. Dungeon overview: The Dungeons of Doom: levels 1 to 8 Level 1 some fountains a long staircase Level 2 a fountain Level 3 Level 4 some fountains a long staircase Level 5 some fountains Level 6 a fountain Level 7 many fountains Level 8 <- You were here a throne a long staircase History has recorded: On T:1 you entered the Dungeons of Doom to retrieve the Amulet of Yendor! On T:276 you advanced to experience level 2. On T:652 you reached level 2 of The Dungeons of Doom. On T:1116 you reached level 3 of The Dungeons of Doom. On T:1469 you advanced to experience level 3. On T:1739 you advanced to experience level 4. On T:1824 you advanced to experience level 5. On T:2047 you reached level 4 of The Dungeons of Doom. On T:3068 you reached level 5 of The Dungeons of Doom. On T:3547 you reached level 6 of The Dungeons of Doom. On T:4030 you advanced to experience level 6. On T:4075 you reached level 7 of The Dungeons of Doom. On T:4724 you reached level 8 of The Dungeons of Doom. Score breakdown: Gold: 1256 (10542 points) Experience: 6 levels (12456 points) Exploration: 8 levels ( 16.00%) (11338 points) Discoveries: 10 items ( 3.48%) ( 5599 points) Valuables value: (no points given unless you survive) Artifact value: 0 ( 0 points) Variety of kills: 43 monsters ( 11.29%) (10078 points) Turncount: 5216 turns (-1417 points) Survival: died (score multiplied by 80%) Total score: 38876 Latest messages: Taco misses the iguana. Taco bites the iguana. The iguana is killed! Taco eats an iguana corpse. The bugbear hurls a dark potion! The flask crashes on your head and breaks into shards. Something seems to be holding you. Taco bites the bugbear. The bugbear swings her curved sword. The bugbear hits! The tengu bumps right into you! Taco misses the bugbear. The bugbear swings her curved sword. The bugbear hits! Taco misses the bugbear. The tengu bites! Taco misses the bugbear. The tengu bites! Taco bites the bugbear. The bugbear swings her curved sword at Taco. The bugbear misses Taco. The bugbear swings her curved sword. The bugbear hits! You die... Final status: Goodbye Frizzbo the Wizard, killed by a bugbear, while frozen by potion vapours... You died in The Dungeons of Doom on dungeon level 8 with 38876 points, and 1256 pieces of gold, after 5216 moves. You were level 6 with a maximum of 47 hit points when you died.